[Event "Titled Tuesday Blitz July 18 Early 2023"]
[White "Rodriguez Fontecha, Marcos"]
[Black "kiwibobo"]
[WhiteFideId "2256576"]
[WhiteElo "2465"]
[BlackElo "2329"]
[Result "1-0"]
[Round "6"]
[TimeControl "180+2"]
[Date "2023.07.18"]
[WhiteClock "0:00:46"]
[BlackClock "0:00:08"]
[Board "139"]

1. e4 e5 2. Nf3 Nc6 3. d4 exd4 4. Bc4 Nf6 5. O-O Nxe4 6. Re1 d5 7. Bxd5 Qxd5 8. Nc3 Qa5 9. Nxe4 Be6 10. Bg5 h6 11. Bh4 Bc5 12. a3 Bb6 13. b4 Qh5 14. Bf6 O-O 15. Qd3 Bf5 16. b5 Bxe4 17. Rxe4 gxf6 18. bxc6 bxc6 19. h3 Rad8 20. Rh4 Qg6 21. Rg4 Kh7 22. Rxg6 fxg6 23. Re1 Rfe8 24. Rxe8 Rxe8 25. Qc4 Kg7 26. Qxc6 Kf7 27. h4 h5 28. Qd5+ Re6 29. Nxd4 Bxd4 30. Qxd4 a6 31. Qd7+ Re7 32. Qc6 a5 33. Qd5+ Re6 34. Qxa5 Rb6 35. Qc5 Rb7 36. a4 Ke6 37. Qc6+ 1-0


[Site "https://www.chess.com"]

[Event "Titled Tuesday Blitz July 18 Early 2023"]
[White "WindWhistler11"]
[Black "Acikel, Mert"]
[BlackFideId "12956465"]
[WhiteElo "2460"]
[BlackElo "2320"]
[Result "1-0"]
[Round "6"]
[TimeControl "180+2"]
[Date "2023.07.18"]
[WhiteClock "0:00:17"]
[BlackClock "0:00:16"]
[Board "140"]

1. Nf3 d5 2. g3 Nf6 3. c4 e6 4. Bg2 Be7 5. O-O O-O 6. b3 d4 7. e3 c5 8. exd4 cxd4 9. a3 a5 10. d3 Nc6 11. Re1 Bc5 12. Ne5 Nxe5 13. Rxe5 Bd6 14. Re1 e5 15. Nd2 Bg4 16. Qc2 Qc7 17. Rb1 Rfe8 18. b4 axb4 19. axb4 h6 20. c5 Bf8 21. Nc4 Bf5 22. f4 Rad8 23. fxe5 Nd5 24. Bf4 Nxf4 25. gxf4 Qc8 26. Qd2 Qe6 27. Nd6 Bxd6 28. cxd6 Qg6 29. Rb3 Qe6 30. Ra3 Rxd6 31. exd6 Qxe1+ 32. Qxe1 Rxe1+ 33. Kf2 Rb1 34. Be4 Rb2+ 35. Kg3 Be6 36. Ra8+ 1-0


[Site "https://www.chess.com"]

[Event "Titled Tuesday Blitz July 18 Early 2023"]
[White "Begunov, Konstantin"]
[Black "Travadon, Loic"]
[WhiteFideId "4118510"]
[BlackFideId "26092131"]
[WhiteElo "2458"]
[BlackElo "2316"]
[Result "1/2-1/2"]
[Round "6"]
[TimeControl "180+2"]
[Date "2023.07.18"]
[WhiteClock "0:00:05"]
[BlackClock "0:00:03"]
[Board "141"]

1. d4 d5 2. c4 e6 3. Nc3 Nf6 4. cxd5 exd5 5. Bg5 Bb4 6. Nf3 h6 7. Bxf6 Qxf6 8. Qa4+ Nc6 9. Ne5 O-O 10. Nxc6 Bxc3+ 11. bxc3 Qxc6 12. Qxc6 bxc6 13. e3 Bf5 14. Ba6 Rab8 15. O-O Rb6 16. Be2 Rfb8 17. a4 Rb2 18. Bf3 a5 19. g4 Bd3 20. Rfe1 g5 21. e4 dxe4 22. Bxe4 Bxe4 23. Rxe4 Rb1+ 24. Rxb1 Rxb1+ 25. Kg2 Kf8 26. Re5 Rb3 27. Rc5 Ra3 28. Rxc6 Rxa4 29. Rxc7 Ra2 30. d5 Ke8 31. c4 Rd2 32. Ra7 Rd4 33. Rxa5 Rxg4+ 34. Kf3 Rxc4 35. Ra6 Rd4 36. Rxh6 Rxd5 37. Kg4 Ke7 38. f3 f6 39. Rh8 Rd4+ 40. Kg3 Ke6 41. Re8+ Kf5 42. Rb8 Rd1 43. Rb5+ Kg6 44. h3 Rg1+ 45. Kf2 Ra1 46. Kg3 Ra4 47. Rc5 f5 48. Rc6+ Kh5 49. Rc8 f4+ 50. Kg2 Ra2+ 51. Kf1 Kh4 52. Rg8 Kg3 53. Rxg5+ Kxf3 54. Kg1 Ra1+ 55. Kh2 Kf2 56. h4 f3 57. h5 Ra4 58. Kh3 Ke1 59. Re5+ Kf1 60. Rf5 f2 61. Kg3 Ra3+ 62. Kh2 Ra8 63. h6 Rh8 64. Rf6 Rh7 65. Kg3 Rxh6 66. Rxf2+ Kg1 67. Rf4 Rg6+ 68. Rg4 Rxg4+ 69. Kxg4 1/2-1/2


[Site "https://www.chess.com"]

[Event "Titled Tuesday Blitz July 18 Early 2023"]
[White "Wang, Alexander J"]
[Black "Nunez V, Gustavo Eduardo"]
[WhiteFideId "30955270"]
[BlackFideId "4403690"]
[WhiteElo "2302"]
[BlackElo "2452"]
[Result "0-1"]
[Round "6"]
[TimeControl "180+2"]
[Date "2023.07.18"]
[WhiteClock "0:00:26"]
[BlackClock "0:00:33"]
[Board "142"]

1. e4 c5 2. Nf3 Nc6 3. d4 cxd4 4. Nxd4 e5 5. Ne2 Nf6 6. Nbc3 Bc5 7. Na4 Qa5+ 8. c3 Nxe4 9. Nxc5 Qxc5 10. Be3 Qd6 11. Qc2 f5 12. f3 Nf6 13. Qxf5 O-O 14. Qc2 Qe6 15. Ng3 d5 16. Be2 h5 17. h4 d4 18. Bg5 dxc3 19. Qxc3 Nd5 20. Qc1 g6 21. O-O Nd4 22. Bc4 Bd7 23. Ne4 Bc6 24. Bh6 Rf5 25. Bg5 Raf8 26. Kh2 b5 27. Bxd5 Bxd5 28. Nf6+ R8xf6 29. Bxf6 Qxf6 30. Qc8+ Qf8 31. Qxf8+ Kxf8 32. b3 Ke7 33. Rae1 Kd6 34. Rd1 Rf4 35. Rfe1 Rxh4+ 36. Kg3 Rf4 37. Re3 Nf5+ 38. Kf2 Nxe3 39. Kxe3 g5 40. g3 Rxf3+ 0-1


[Site "https://www.chess.com"]

[Event "Titled Tuesday Blitz July 18 Early 2023"]
[White "Bochnicka, Vladimir"]
[Black "Mikhaylova, Irina"]
[WhiteFideId "14943450"]
[BlackFideId "4109040"]
[WhiteElo "2452"]
[BlackElo "2297"]
[Result "1-0"]
[Round "6"]
[TimeControl "180+2"]
[Date "2023.07.18"]
[WhiteClock "0:01:12"]
[BlackClock "0:00:08"]
[Board "143"]

1. e4 c6 2. d4 d5 3. e5 c5 4. dxc5 Nc6 5. f4 Bf5 6. Nf3 e6 7. Be3 Nh6 8. c3 Ng4 9. Bg1 Be7 10. Nbd2 O-O 11. Nb3 b6 12. cxb6 axb6 13. g3 Be4 14. h3 Nh6 15. Be2 Nf5 16. Bf2 Na5 17. g4 Nh4 18. O-O Nxb3 19. Qxb3 Nxf3+ 20. Bxf3 Bxf3 21. Bxb6 Qd7 22. Rxf3 Rfb8 23. Raf1 Bd8 24. f5 Bxb6+ 25. Kg2 exf5 26. Rxf5 Rf8 27. Qxb6 Rab8 28. Qf2 Qa4 29. b3 Qd7 30. Qd4 Ra8 31. a4 Qe6 32. Rd1 Rfd8 33. c4 g6 34. Rf6 Qe7 35. cxd5 Re8 36. e6 fxe6 37. Rxe6 Qf7 38. Rf1 Qg7 39. Qxg7+ Kxg7 40. Rxe8 Rxe8 41. a5 1-0


[Site "https://www.chess.com"]

[Event "Titled Tuesday Blitz July 18 Early 2023"]
[White "Zaksaite, Salomeja"]
[Black "JonSnowNW1"]
[WhiteFideId "12801496"]
[WhiteElo "2297"]
[BlackElo "2450"]
[Result "1-0"]
[Round "6"]
[TimeControl "180+2"]
[Date "2023.07.18"]
[WhiteClock "0:00:15"]
[BlackClock "0:00:01"]
[Board "144"]

1. e4 c5 2. Nf3 d6 3. d4 cxd4 4. Nxd4 Nf6 5. Nc3 a6 6. Bc4 e6 7. Bb3 Be7 8. Bg5 O-O 9. Qf3 Nc6 10. O-O-O Ne5 11. Qg3 Qc7 12. f4 Ng6 13. f5 Nh5 14. Qg4 Bxg5+ 15. Qxg5 Ngf4 16. g3 h6 17. Qg4 e5 18. gxf4 Nf6 19. Qg3 exd4 20. Rhg1 Nh5 21. Qg4 dxc3 22. Qxh5 cxb2+ 23. Kb1 Qc3 24. e5 Kh7 25. Bxf7 Bd7 26. Qg6+ 1-0


[Site "https://www.chess.com"]

[Event "Titled Tuesday Blitz July 18 Early 2023"]
[White "Barwinska, Ewa"]
[Black "Namitbir Singh Walia"]
[WhiteFideId "21833761"]
[BlackFideId "35071068"]
[WhiteElo "2293"]
[BlackElo "2446"]
[Result "0-1"]
[Round "6"]
[TimeControl "180+2"]
[Date "2023.07.18"]
[WhiteClock "0:00:00"]
[BlackClock "0:00:10"]
[Board "145"]

1. e4 e5 2. Nf3 Nc6 3. Bb5 a6 4. Bxc6 dxc6 5. c3 Qd3 6. Qe2 Qxe2+ 7. Kxe2 Nf6 8. d3 Bd6 9. Bg5 h6 10. Bh4 Nh5 11. Bg3 Nxg3+ 12. hxg3 Bg4 13. Nd2 b5 14. d4 exd4 15. cxd4 O-O-O 16. Rac1 Kb7 17. Nb3 Rhe8 18. e5 Bb4 19. a3 Be6 20. Nc5+ Bxc5 21. Rxc5 Bd5 22. Ke3 a5 23. Rhc1 a4 24. R5c3 f6 25. Rc5 Kb6 26. R1c3 fxe5 27. Nxe5 Bxg2 28. f3 Rd6 29. Rxc6+ Rxc6 30. Rxc6+ Kb7 31. Rc5 Bf1 32. Kf2 Bh3 33. Rxb5+ Kc8 34. Rc5 Be6 35. Nc4 Kb7 36. Na5+ Kb6 37. Nc4+ Kb7 38. Ne5 Bb3 39. Rb5+ Kc8 40. Rc5 Rd8 41. Ke3 Rd6 42. f4 Rf6 43. g4 Be6 44. g5 hxg5 45. fxg5 Rf8 46. g6 Rf6 47. Rc6 Kd8 48. Ra6 Ke7 49. Rxa4 Bf5 50. Rc4 Kd8 51. Nf7+ Kc8 52. Ne5 Bxg6 53. Nxg6 Rxg6 54. b4 Rg3+ 55. Ke4 Rxa3 56. b5 Kb7 57. Rc5 Rg3 58. Kf5 Rg1 59. d5 g5 60. d6 cxd6 61. Rd5 g4 62. Rxd6 g3 63. Rg6 g2 0-1


[Site "https://www.chess.com"]

[Event "Titled Tuesday Blitz July 18 Early 2023"]
[White "Tanmay Jain"]
[Black "Pershina, Elena"]
[WhiteFideId "45015481"]
[BlackFideId "24147516"]
[WhiteElo "2445"]
[BlackElo "2290"]
[Result "1-0"]
[Round "6"]
[TimeControl "180+2"]
[Date "2023.07.18"]
[WhiteClock "0:00:39"]
[BlackClock "0:00:37"]
[Board "146"]

1. Nf3 c5 2. g3 g6 3. Bg2 Bg7 4. O-O Nc6 5. e4 d6 6. c3 e5 7. Na3 Nge7 8. h3 O-O 9. d4 exd4 10. cxd4 Nxd4 11. Nc2 Nec6 12. Be3 Nxf3+ 13. Qxf3 Bxb2 14. Rab1 Bg7 15. Rfd1 Ne5 16. Qe2 Qe7 17. Bf4 Be6 18. Ne3 Rfe8 19. Nd5 Bxd5 20. Rxd5 Rad8 21. Qb5 b6 22. Rbd1 g5 23. Be3 Qf6 24. Qe2 Nc6 25. Bxg5 Qg6 26. Bxd8 Rxd8 27. Qb5 Nd4 28. Qa6 Be5 29. Qxa7 Ne2+ 30. Kf1 Nc3 31. Rxe5 Nxd1 32. Qe7 Ra8 33. Rg5 Rxa2 34. Rxg6+ hxg6 35. Qxd6 Nc3 36. Bf3 1-0


[Site "https://www.chess.com"]

[Event "Titled Tuesday Blitz July 18 Early 2023"]
[White "Matyukov, Petr"]
[Black "Peiris, T G M"]
[WhiteFideId "4103688"]
[BlackFideId "9901310"]
[WhiteElo "2443"]
[BlackElo "2273"]
[Result "0-1"]
[Round "6"]
[TimeControl "180+2"]
[Date "2023.07.18"]
[WhiteClock "0:00:11"]
[BlackClock "0:01:46"]
[Board "147"]

1. d4 e6 2. c4 f5 3. Nf3 Nf6 4. g3 Be7 5. Bg2 O-O 6. O-O d6 7. Nc3 a5 8. Qc2 Nc6 9. a3 e5 10. dxe5 dxe5 11. Rd1 Qe8 12. Nd5 Bd8 13. b3 e4 14. Nd4 Nxd4 15. Rxd4 c6 16. Nc3 Ng4 17. h3 Bb6 18. Rd1 Bxf2+ 19. Kf1 Bxg3 20. hxg4 fxg4+ 21. Kg1 Bf2+ 22. Kf1 Bg3+ 23. Kg1 Qh5 24. Bh3 Qxh3 25. e3 Bf2+ 26. Qxf2 Rxf2 27. Kxf2 g3+ 28. Ke2 Qg2+ 29. Ke1 Qf2# 0-1


[Site "https://www.chess.com"]

[Event "Titled Tuesday Blitz July 18 Early 2023"]
[White "Ai, Evan"]
[Black "Chemin, Justo Reinaldo"]
[WhiteFideId "2094770"]
[BlackFideId "2101580"]
[WhiteElo "2441"]
[BlackElo "2267"]
[Result "1-0"]
[Round "6"]
[TimeControl "180+2"]
[Date "2023.07.18"]
[WhiteClock "0:00:16"]
[BlackClock "0:00:25"]
[Board "148"]

1. d4 d5 2. c4 dxc4 3. e3 e6 4. Bxc4 a6 5. Nf3 c5 6. a4 Nf6 7. O-O Be7 8. dxc5 Qxd1 9. Rxd1 Bxc5 10. Nc3 Nc6 11. b3 O-O 12. Bb2 Na5 13. Ne5 b6 14. Ne2 Bb7 15. Bd4 Rac8 16. Rac1 Nxc4 17. Nxc4 Bxd4 18. Nxd4 b5 19. axb5 axb5 20. Nxb5 Ba6 21. Nbd6 Rb8 22. Rb1 Nd5 23. Ne5 Nc3 24. Nd7 Nxd1 25. Nxb8 Rxb8 26. Rxd1 Rxb3 27. h4 h5 28. Ne4 Rb8 29. Rd7 Bb5 30. Rc7 f6 31. Nd6 e5 32. Nf5 Bd3 33. Nxg7 Rb1+ 34. Kh2 Rb2 35. Nxh5 Rxf2 36. Rg7+ Kf8 37. Rg3 Be2 38. Ng7 e4 39. h5 f5 40. Ne6+ Kf7 41. Nf4 Bxh5 42. Nxh5 Ke6 43. Nf4+ Ke5 44. Rg6 Rxf4 45. exf4+ Kxf4 46. Re6 e3 47. Kh3 Kg5 48. Rxe3 f4 49. Rf3 Kf5 50. Kh4 Ke4 51. Kg4 1-0


[Site "https://www.chess.com"]

[Event "Titled Tuesday Blitz July 18 Early 2023"]
[White "Samarth J Rao"]
[Black "Karthik, Advaith"]
[WhiteFideId "46652370"]
[BlackFideId "30946050"]
[WhiteElo "2267"]
[BlackElo "2437"]
[Result "0-1"]
[Round "6"]
[TimeControl "180+2"]
[Date "2023.07.18"]
[WhiteClock "0:02:12"]
[BlackClock "0:01:25"]
[Board "149"]

1. e4 c5 2. Nf3 Nc6 3. d4 cxd4 4. Nxd4 Nf6 5. Nc3 e5 6. Ndb5 d6 7. Bg5 a6 8. Na3 b5 9. Nd5 Be7 10. Bxf6 Bxf6 11. c3 O-O 12. Nc2 Rb8 13. b4 Bg5 14. a4 Be6 15. axb5 axb5 16. Ra6 Ne7 17. Nxe7+ Bxe7 18. Be2 Ra8 19. Bxb5 Rxa6 20. Bxa6 Qa8 21. Qd3 d5 22. exd5 Bxd5 23. Ne3 Bxg2 24. Rg1 Be4 25. Qe2 Bf3 26. Qf1 Rd8 27. Qh3 Qxa6 28. Qxf3 Qd3 29. Qc6 Qb1+ 30. Ke2 Qxg1 0-1


[Site "https://www.chess.com"]

[Event "Titled Tuesday Blitz July 18 Early 2023"]
[White "Uzcategui Rodriguez, Alejandro"]
[Black "Luxama, Jacques Muller"]
[WhiteFideId "3903400"]
[BlackFideId "11900113"]
[WhiteElo "2436"]
[BlackElo "2256"]
[Result "1/2-1/2"]
[Round "6"]
[TimeControl "180+2"]
[Date "2023.07.18"]
[WhiteClock "0:00:04"]
[BlackClock "0:00:17"]
[Board "150"]

1. c4 e6 2. Nc3 d5 3. d4 Nf6 4. Bg5 Be7 5. cxd5 exd5 6. e3 c6 7. Bd3 O-O 8. Qc2 Nbd7 9. Nge2 Re8 10. O-O Nf8 11. f3 Nh5 12. Bxe7 Rxe7 13. e4 dxe4 14. fxe4 Ne6 15. d5 Nc5 16. Rad1 Nxd3 17. Rxd3 Qb6+ 18. Kh1 Bg4 19. d6 Re6 20. Nf4 Rf6 21. Qc1 Nxf4 22. Rxf4 Rxf4 23. Qxf4 Be6 24. Rd2 Rd8 25. Qg5 f6 26. Qf4 Qc5 27. h3 Rd7 28. Kh2 b5 29. Ne2 Kf7 30. Ng3 Qe5 31. Qxe5 fxe5 32. Kg1 Bxa2 33. b4 Bc4 34. Nf5 g6 35. Ne3 Ke6 36. Nxc4 bxc4 37. Rc2 Rxd6 38. Rxc4 Kd7 39. Rc5 Ke6 40. Kf2 Rd2+ 41. Kf3 Kd6 42. Ra5 Rd3+ 43. Kf2 Rd4 44. Kf3 Rxb4 45. Rxa7 h5 46. Rg7 Rb3+ 47. Kf2 Kc5 48. Rxg6 Kb5 49. Rg5 c5 50. Rxh5 c4 51. Rxe5+ Kb4 52. Re8 c3 53. Ke2 Rb2+ 54. Kd3 Rd2+ 55. Ke3 Rxg2 56. Rb8+ Kc4 57. Rc8+ Kb3 58. e5 Rg3+ 59. Ke4 Rxh3 60. e6 Rh1 61. Kd5 Re1 62. Kd6 c2 63. e7 Kb2 64. Kd7 Rd1+ 65. Ke8 Re1 66. Rb8+ Kc3 67. Rc8+ Kd2 68. Kf8 c1=Q 69. Rxc1 Kxc1 70. e8=Q Rxe8+ 71. Kxe8 1/2-1/2


[Site "https://www.chess.com"]

[Event "Titled Tuesday Blitz July 18 Early 2023"]
[White "Thiel, Thomas"]
[Black "LangesNasenhaar"]
[WhiteFideId "4615964"]
[WhiteElo "2247"]
[BlackElo "2435"]
[Result "0-1"]
[Round "6"]
[TimeControl "180+2"]
[Date "2023.07.18"]
[WhiteClock "0:00:00"]
[BlackClock "0:00:30"]
[Board "151"]

1. e4 d6 2. d4 Nf6 3. Nc3 e5 4. Nf3 Nbd7 5. g4 Nxg4 6. Rg1 Ngf6 7. dxe5 dxe5 8. Bc4 h6 9. Be3 c6 10. Qe2 b5 11. Bd3 Qa5 12. Bd2 Qc7 13. O-O-O g6 14. Nh4 Nc5 15. Be3 a6 16. Rdf1 Nxd3+ 17. Qxd3 Bh3 18. Rd1 Bg4 19. f3 Be6 20. Qd2 Rd8 21. Qf2 Rxd1+ 22. Rxd1 Be7 23. Bc5 O-O 24. Kb1 Kh7 25. Bxe7 Qxe7 26. Qb6 Nd7 27. Qf2 Nc5 28. Ne2 a5 29. Nc1 a4 30. a3 Nd7 0-1


[Site "https://www.chess.com"]

[Event "Titled Tuesday Blitz July 18 Early 2023"]
[White "laimis61"]
[Black "Chernyavsky, Alexander"]
[BlackFideId "24131156"]
[WhiteElo "2246"]
[BlackElo "2434"]
[Result "1-0"]
[Round "6"]
[TimeControl "180+2"]
[Date "2023.07.18"]
[WhiteClock "0:00:13"]
[BlackClock "0:00:09"]
[Board "152"]

1. e4 c5 2. Nf3 g6 3. d4 cxd4 4. Nxd4 Bg7 5. Nc3 Nc6 6. Nb3 Nf6 7. Be2 O-O 8. O-O a6 9. Bg5 b5 10. a3 d6 11. f4 Be6 12. Bf3 Rc8 13. Kh1 h6 14. Bh4 Bxb3 15. cxb3 e5 16. f5 Nd4 17. fxg6 fxg6 18. b4 Qd7 19. Qd3 g5 20. Bf2 Ne6 21. Be3 Nf4 22. Bxf4 exf4 23. Rad1 Rcd8 24. Be2 Kh8 25. a4 bxa4 26. Qxa6 Qe6 27. b5 Nxe4 28. Nxe4 Qxe4 29. b6 Bxb2 30. b7 a3 31. Bf3 Qb4 32. Bd5 Be5 33. Rb1 Qd2 34. Qc6 a2 35. Rbd1 Qb2 36. Ra1 f3 37. Bxf3 Qxa1 38. Rxa1 Bxa1 39. Qa6 Rfe8 40. g3 Bd4 41. Qxa2 Re1+ 42. Kg2 Rg1+ 43. Kh3 Rf1 44. Qd5 Be5 45. Qf7 Rc8 46. bxc8=Q# 1-0


[Site "https://www.chess.com"]

[Event "Titled Tuesday Blitz July 18 Early 2023"]
[White "Vivas Zamora, Fabian Ernesto"]
[Black "Vaglio Munoz, Jaime"]
[WhiteFideId "3902480"]
[BlackFideId "6500145"]
[WhiteElo "2424"]
[BlackElo "2245"]
[Result "0-1"]
[Round "6"]
[TimeControl "180+2"]
[Date "2023.07.18"]
[WhiteClock "0:00:00"]
[BlackClock "0:01:25"]
[Board "153"]

1. e4 e6 2. d4 d5 3. Nd2 dxe4 4. Nxe4 Nf6 5. Nxf6+ Qxf6 6. Nf3 h6 7. Bd3 Nc6 8. Be4 Bd6 9. c3 O-O 10. O-O Rd8 11. Qe2 Bd7 12. Re1 Re8 13. b3 Rab8 14. Bb2 e5 15. Bxc6 exd4 16. Qxe8+ Bxe8 17. Bxe8 dxc3 18. Bc1 c6 19. Bd7 Rd8 20. Bh3 g5 21. Be3 c5 22. Bg4 b6 23. Rad1 Re8 24. Rd5 Bf4 25. Rf5 Qd6 26. Bh5 Re7 27. Bxf4 Rxe1+ 28. Nxe1 gxf4 29. Bxf7+ Kg7 30. Bc4 c2 31. Nxc2 Qd1+ 32. Bf1 Qxc2 33. Rxf4 Qxa2 34. Rf3 a5 35. h4 Qa1 36. g3 b5 37. Kg2 a4 38. Bxb5 a3 39. Bc4 a2 40. Rf7+ Kg6 41. g4 h5 42. gxh5+ Kh6 0-1


[Site "https://www.chess.com"]

[Event "Titled Tuesday Blitz July 18 Early 2023"]
[White "Hernandez Bermudez, Ulises Eduardo"]
[Black "Rosh Jain"]
[WhiteFideId "3902510"]
[BlackFideId "25789465"]
[WhiteElo "2242"]
[BlackElo "2423"]
[Result "1-0"]
[Round "6"]
[TimeControl "180+2"]
[Date "2023.07.18"]
[WhiteClock "0:00:55"]
[BlackClock "0:01:33"]
[Board "154"]

1. e4 c5 2. c3 d5 3. exd5 Qxd5 4. d4 Nc6 5. Nf3 Nf6 6. Be2 e6 7. O-O Be7 8. Be3 b6 9. dxc5 Qxd1 10. Rxd1 Bxc5 11. Bxc5 bxc5 12. Bb5 Bb7 13. Ne5 Rc8 14. Rd6 Ke7 15. Rxc6 Bxc6 16. Bxc6 Rhd8 17. Bf3 Nd5 18. Na3 f6 19. Nec4 Nf4 20. g3 Nd3 21. b3 f5 22. Nb5 Rd7 23. Rd1 Rcd8 24. Bc6 a6 25. Bxd7 Rxd7 26. Nbd6 1-0


[Site "https://www.chess.com"]

[Event "Titled Tuesday Blitz July 18 Early 2023"]
[White "Starosta, Martyna"]
[Black "Levitan, Ronit"]
[WhiteFideId "21818754"]
[BlackFideId "2815109"]
[WhiteElo "2422"]
[BlackElo "2224"]
[Result "0-1"]
[Round "6"]
[TimeControl "180+2"]
[Date "2023.07.18"]
[WhiteClock "0:00:00"]
[BlackClock "0:00:13"]
[Board "155"]

1. e4 e5 2. Nf3 Nc6 3. Bc4 Bc5 4. c3 Nf6 5. d4 exd4 6. cxd4 Bb4+ 7. Bd2 Nxe4 8. Bxb4 Nxb4 9. Bxf7+ Kxf7 10. Qb3+ d5 11. Qxb4 a5 12. Ne5+ Ke6 13. Qb3 a4 14. Qh3+ Ke7 15. Qe3 Re8 16. f3 Nf6 17. O-O Kf8 18. Nc3 c6 19. Rae1 Kg8 20. g4 Nd7 21. Qf4 Qf6 22. Nd3 Rf8 23. Qe3 Nb6 24. Ne5 Nc4 25. Nxc4 dxc4 26. Ne4 Qg6 27. Nc5 b6 28. Ne4 Bd7 29. Qc3 b5 30. Nc5 Bxg4 31. fxg4 Qxg4+ 32. Kh1 Rae8 33. Rxf8+ Rxf8 34. Qe3 h5 35. Qe6+ Qxe6 36. Nxe6 Rf2 37. Rb1 Re2 38. Nd8 c5 39. dxc5 Rd2 40. Nb7 Rd7 41. c6 Rc7 42. Rd1 Rxc6 43. Nd8 Rf6 44. Nb7 b4 45. Nc5 a3 46. bxa3 bxa3 47. Ne4 Rf4 48. Nd6 Rf2 49. Nxc4 Rxa2 50. Rd3 Ra1+ 51. Kg2 a2 52. Ra3 Kf7 53. Nd2 Kf6 0-1


[Site "https://www.chess.com"]

[Event "Titled Tuesday Blitz July 18 Early 2023"]
[White "LLariMarc"]
[Black "vishwa_vijeta"]
[WhiteElo "2163"]
[BlackElo "2415"]
[Result "1/2-1/2"]
[Round "6"]
[TimeControl "180+2"]
[Date "2023.07.18"]
[WhiteClock "0:00:22"]
[BlackClock "0:00:24"]
[Board "156"]

1. d4 Nf6 2. Nf3 g6 3. Bg5 Bg7 4. Nbd2 d5 5. e3 O-O 6. Bd3 c5 7. c3 Nc6 8. O-O Qb6 9. dxc5 Qxc5 10. Nb3 Qd6 11. Qe2 e5 12. Bxf6 Bxf6 13. Rad1 Qc7 14. Bc2 Be6 15. Nc5 e4 16. Nd4 Nxd4 17. cxd4 Bf5 18. Bb3 b6 19. Na6 Qd6 20. a3 Rac8 21. Rc1 Qd7 22. Nb4 Be6 23. Qa6 Rxc1 24. Rxc1 Be7 25. Ba4 Qd6 26. Rc6 Qb8 27. Bb3 Bxb4 28. axb4 Rd8 29. h3 Bd7 30. Rc3 Be6 31. Ba4 Bc8 32. Qe2 Be6 33. Bc6 Rc8 34. Qc2 Qd6 35. b5 Qb4 36. Qb3 Qd6 37. Qa3 Qb8 38. Qa6 Rc7 39. Ra3 Kg7 40. Qa4 Qd8 41. Qb4 Qg5 42. Qd6 Bxh3 43. g3 Qg4 44. Qe5+ Kg8 45. Kh2 Bf1 46. Qe8+ Kg7 47. Qe5+ Kh6 48. Qf4+ Qxf4 49. gxf4 Bc4 50. b3 Bd3 51. Bxd5 Bxb5 52. Bxe4 f5 53. Bf3 Rc2 54. Kg3 Rb2 55. Rxa7 Rxb3 56. Rb7 Bc4 57. Bc6 b5 58. Be8 Rb1 59. Bf7 Bxf7 60. Rxf7 b4 61. Rb7 b3 62. Kg2 b2 63. d5 Rd1 64. Rxb2 Rxd5 65. Rb7 Rd6 66. Kg3 Rd1 67. f3 Rg1+ 68. Kf2 Rh1 69. e4 Rh2+ 70. Ke3 fxe4 71. fxe4 Rh3+ 72. Kd4 Rh4 73. Ke5 Rh1 74. Rf7 Re1 75. f5 gxf5 76. Kxf5 Rf1+ 77. Ke6 Re1 78. e5 Kg6 79. Rf6+ Kg5 80. Kd6 h5 81. Rf8 h4 82. e6 Rd1+ 83. Kc7 Rc1+ 84. Kd7 Rd1+ 85. Ke8 h3 86. Rh8 Kg4 87. e7 Re1 88. Kf7 Rf1+ 89. Kg6 Re1 90. Kf6 Rf1+ 91. Kg7 Re1 92. e8=Q Rxe8 93. Rxe8 h2 94. Re1 Kg3 95. Kg6 Kg2 96. Kg5 h1=Q 97. Rxh1 Kxh1 1/2-1/2


[Site "https://www.chess.com"]

[Event "Titled Tuesday Blitz July 18 Early 2023"]
[White "ogpin"]
[Black "Rom, Jasper"]
[BlackFideId "2023733"]
[WhiteElo "2084"]
[BlackElo "2413"]
[Result "0-1"]
[Round "6"]
[TimeControl "180+2"]
[Date "2023.07.18"]
[WhiteClock "0:00:00"]
[BlackClock "0:00:11"]
[Board "157"]

1. d4 d5 2. Nc3 e6 3. e4 Nf6 4. Bg5 dxe4 5. Nxe4 Be7 6. Bxf6 gxf6 7. Nf3 f5 8. Nc3 a6 9. g3 b5 10. Bg2 Bb7 11. O-O c5 12. dxc5 Qxd1 13. Raxd1 Bxc5 14. a4 b4 15. Ne2 Nd7 16. Nf4 Ke7 17. Rfe1 Nf6 18. Nh4 Ne4 19. Bxe4 Bxe4 20. Kf1 Rhd8 21. f3 Rxd1 22. Rxd1 Bxc2 23. Rc1 b3 24. Nhg2 Rd8 25. Ne1 Be3 26. Ra1 Rd2 27. Ne2 Bd1 28. Nc3 Rf2+ 29. Kg1 Rxf3+ 30. Kg2 Rf2+ 31. Kg1 Rxb2+ 32. Kh1 Bg4 33. Nd1 Bxd1 34. Rxd1 Rd2 35. Rb1 b2 36. Nf3 Rc2 0-1


[Site "https://www.chess.com"]

[Event "Titled Tuesday Blitz July 18 Early 2023"]
[White "Filgueira, Hernan"]
[Black "Martin Barcelo, Carles"]
[WhiteFideId "101770"]
[BlackFideId "24561444"]
[WhiteElo "2578"]
[BlackElo "2449"]
[Result "1/2-1/2"]
[Round "6"]
[TimeControl "180+2"]
[Date "2023.07.18"]
[WhiteClock "0:00:06"]
[BlackClock "0:00:15"]
[Board "158"]

1. e4 e6 2. d4 d5 3. Nd2 dxe4 4. Nxe4 Nd7 5. Nf3 Ngf6 6. Bd3 Nxe4 7. Bxe4 Nf6 8. Bd3 c5 9. dxc5 Bxc5 10. O-O O-O 11. Bg5 h6 12. Bh4 Be7 13. Qe2 Qc7 14. Bg3 Bd6 15. Bxd6 Qxd6 16. Rad1 Qc7 17. Qe5 Qxe5 18. Nxe5 Nd7 19. Nxd7 Bxd7 20. Bh7+ Kxh7 21. Rxd7 Rab8 22. Rfd1 Kg8 23. Kf1 Rfc8 24. c3 Kf8 25. Ke2 Ke8 26. g3 Rd8 27. R7d4 Rxd4 28. Rxd4 Rd8 29. Rb4 Rd7 30. a4 b6 31. Rb5 Rc7 32. a5 bxa5 33. Rxa5 Kd7 34. Ra6 Ke7 35. Kd3 g5 36. b4 f5 37. c4 h5 38. c5 h4 39. Kc4 h3 40. b5 Kd7 41. Rd6+ Ke7 42. Ra6 Kd7 43. Kd4 Ke7 44. f4 g4 45. Kc4 Kd7 46. Ra1 Ke7 47. c6 e5 48. fxe5 Ke6 49. Kc5 Rh7 50. Ra4 Kxe5 51. b6 axb6+ 52. Kxb6 Kd6 53. Rd4+ Ke5 54. Rd7 Rh8 55. c7 Rc8 56. Rf7 Ke4 57. Kb7 Re8 58. c8=Q Rxc8 59. Kxc8 Kf3 60. Rxf5+ Kg2 61. Rf4 Kxh2 62. Rxg4 Kg2 63. Rg8 h2 64. Rh8 Kxg3 65. Kd7 Kg2 66. Rg8+ Kf2 67. Rh8 Kg2 68. Rxh2+ Kxh2 1/2-1/2


[Site "https://www.chess.com"]

[Event "Titled Tuesday Blitz July 18 Early 2023"]
[White "Krutko, Anatoly"]
[Black "Merino Garcia, Rafael II"]
[WhiteFideId "4185862"]
[BlackFideId "2209128"]
[WhiteElo "2575"]
[BlackElo "2385"]
[Result "1-0"]
[Round "6"]
[TimeControl "180+2"]
[Date "2023.07.18"]
[WhiteClock "0:01:42"]
[BlackClock "0:01:58"]
[Board "159"]

1. Nf3 d6 2. d4 g6 3. c4 Bg7 4. Nc3 Nd7 5. e4 e5 6. d5 Ne7 7. h4 O-O 8. h5 f5 9. hxg6 hxg6 10. Bd3 f4 11. Bd2 Nf6 12. Qc2 c5 13. O-O-O Bg4 14. Be2 g5 15. Nxg5 Bd7 16. g3 Ng6 17. Ne6 Bxe6 18. dxe6 fxg3 19. Rdg1 Nf4 20. Rxg3 Nxe6 21. Bh6 Rf7 22. Nd5 Nd4 23. Qd2 Nxe4 24. Bxg7 Rxg7 25. Rxg7+ Kxg7 26. Qh6+ Kf7 27. Bh5+ Kg8 28. Rg1+ 1-0


[Site "https://www.chess.com"]

[Event "Titled Tuesday Blitz July 18 Early 2023"]
[White "Ambartsumova, Karina"]
[Black "Villarreal, Agustin"]
[WhiteFideId "4166299"]
[BlackFideId "125687"]
[WhiteElo "2574"]
[BlackElo "2378"]
[Result "1-0"]
[Round "6"]
[TimeControl "180+2"]
[Date "2023.07.18"]
[WhiteClock "0:01:01"]
[BlackClock "0:00:40"]
[Board "160"]

1. c4 e5 2. Nc3 Nf6 3. Nf3 Nc6 4. a3 d5 5. cxd5 Nxd5 6. e4 Nf6 7. Bb5 Bd6 8. O-O Bd7 9. Bxc6 Bxc6 10. d4 exd4 11. Nxd4 Qd7 12. Nxc6 Qxc6 13. e5 Bxe5 14. Re1 Qc5 15. Bf4 Nd7 16. Bxe5 Nxe5 17. Qh5 O-O-O 18. Qxe5 Qb6 19. b4 Rd2 20. Rad1 Rhd8 21. Qf5+ Kb8 22. Rxd2 1-0


[Site "https://www.chess.com"]